 Dungeon Crawl Stone Soup version 0.30-a0-1075-gcd70e7a56d (webtiles) character file.

Game seed: 6969521046190648601

109 Pimp the Digger (level 4, -3/25 HPs)
             Began as a Gargoyle Earth Elementalist on Apr 14, 2023.
             Killed by divine providence
             ... invoked by an orc priest
              (13 damage)
             ... on level 3 of the Dungeon.
             The game lasted 00:08:14 (3439 turns).

Pimp the Digger (Gargoyle Earth Elementalist)       Turns: 3439, Time: 00:08:15

Health: -3/25      AC:  9    Str:  9 (12) XL:     4   Next: 89%
Magic:  15/16      EV: 10    Int: 16 (17) God:
Gold:   176        SH:  0    Dex:  9 (16) Spells: 2/8 levels left

rFire   . . .      SeeInvis .    j - staff of earth
rCold   . . .      Faith    .    (no shield)
rNeg    + . .      Spirit   .    r - +0 ring mail of the Valley {MP+9 Slay+3}
rPois   ∞          Reflect  .    (no helmet)
rElec   +          Rampage  .    (no cloak)
rCorr   .                        (no gloves)
Will    .....                    k - +0 pair of boots
Stlth   +                        f - amulet of the acrobat
HPRegen 0.24/turn                n - +4 ring of slaying
MPRegen 0.15/turn                d - +6 ring of dexterity

@: very slightly contaminated
A: sickness immunity, AC +3, negative energy resistance 1, electricity
resistance, torment resistance 1, petrification resistance
a: no special abilities


You were on level 3 of the Dungeon.
You visited 1 branch of the dungeon, and saw 4 of its levels.

You collected 176 gold pieces.

Inventory:

Armour
 a - a +0 robe
 k - a +0 pair of boots (worn)
 p - a +0 leather armour
 r - the +0 ring mail of the Valley (worn) {MP+9 Slay+3}
   (You found it on level 4 of the Dungeon)

   Slay:      It affects your accuracy & damage with ranged weapons and melee
   (+3).
   MP:        It affects your magic capacity (+9).
Magical Staves
 j - a staff of earth (weapon)
Jewellery
 d - a +6 ring of dexterity (right hand)
 f - an amulet of the acrobat (around neck)
 n - a +4 ring of slaying (left hand)
Scrolls
 i - a scroll of brand weapon
 l - 2 scrolls of enchant weapon {unknown}
 m - a scroll of magic mapping {unknown}
 o - 2 scrolls of identify
Potions
 b - a potion of magic
 c - a potion of attraction
 e - a potion of heal wounds
 g - a potion of haste
 h - a potion of lignification
 q - a potion of curing {unknown}


   Skills:
 + Level 1.0 Fighting
 + Level 0.7 Staves
 + Level 1.0 Armour
 + Level 2.1 Dodging
 - Level 2.7 Stealth
 + Level 2.5 Spellcasting
 + Level 1.5 Transmutations
 + Level 4.3 Earth Magic


You had 2 spell levels left.
You knew the following spells:

 Your Spells              Type           Power      Damage    Failure   Level
a - Sandblast             Erth           46%        2d11      10%         1
b - Stone Arrow           Conj/Erth      26%        3d8       56%         3
c - Ensorcelled Hibernat  Hex/Ice        4%         N/A       63%         2

Your spell library contained the following spells:

 Spells                   Type           Power      Damage    Failure   Level
 Passwall                 Tmut/Erth      14%        N/A       26%         2
 Freeze                   Ice            8%         1d3       50%         1
 Ignite Poison            Fire/Tmut/Pois 3%         N/A       80%         3
 Frozen Ramparts          Ice            4%         1d1       86%         3
 Gell's Gravitas          Tloc           2%         N/A       86%         3
 Hailstorm                Conj/Ice       2%         3d3       86%         3
 Portal Projectile        Hex/Tloc       4%         N/A       86%         3
 Swiftness                Air            2%         N/A       86%         3
 Teleport Other           Tloc           2%         N/A       86%         3
 Tukima's Dance           Hex            2%         N/A       86%         3
 Petrify                  Tmut/Erth      17%        N/A       86%         4
 Blade Hands              Tmut           3%         N/A       100%        5
 Freezing Cloud           Conj/Ice/Air   1%         6-21      100%        5
 Dispersal                Tloc           1%         N/A       100%        6
 Cigotuvi's Dreadful Rot  Necr/Pois/Air  Unusable   N/A       N/A         2

Dungeon Overview and Level Annotations

Branches:
Dungeon (4/15)
 Temple: D:4-7

Altars:
Dithmenos

Annotations:
D:3 1 transporter, Sleet's ghost, amateur FoFi


Innate Abilities, Weirdness & Mutations

You are immune to sickness and miasma.
Your stone body is resilient. (AC +3)
You are immune to poison.
You resist negative energy. (rN+)
You are resistant to electric shocks. (rElec)
You are resistant to unholy torment.
You are immune to petrification.


Message History

You kill the orc!
Things that are here:
a +0 flail; a +0 chain mail; an orc corpse
There is a stone staircase leading down here.
You start waiting.
Done waiting.
You climb downwards.
The orc hits you but does no damage. The orc hits you with a +0 dagger.
There is a stone staircase leading up here.
The orc priest hits you with a +0 hand axe.
The orc barely misses you.
You climb upwards.
Level annotation: 1 transporter, Sleet's ghost, amateur FoFi
There is a stone staircase leading down here.
You hit the orc priest but do no damage.
The orc priest closely misses you. The orc completely misses you.
You barely miss the orc priest.
You punch the orc priest, but do no damage.
The orc priest hits you but does no damage.
The orc hits you but does no damage.
You hit the orc priest.
The orc priest is moderately wounded.
The orc priest hits you with a +0 hand axe.
The orc barely misses you.
You hit the orc priest.
The orc priest is moderately wounded.
The orc priest hits you with a +0 hand axe.
The orc completely misses you.
Casting: Sandblast (safe; 10% risk of failure)
Confirm with . or Enter, or press ? or * to list all spells.
Aiming: Sandblast (safe; 10% risk of failure)
Press: ? - help, Shift-Dir - straight line, f - orc priest
Aim: an orc priest, wielding a +0 hand axe and wearing a +0 scale mail (moderately wounded, 85% to hit)
You feel a surge of power!
You miscast Sandblast.
You are very lightly contaminated with residual magic.
Nothing appears to happen.
The orc priest invokes the aid of Beogh against you.
Beogh smites you!
Ouch! That really hurt!
You die...

#####.#####.# ##.## #.....#
#.## ##.## #.....# #..#
##...## #.###.# #..##
##.....# #.#
#.#####...######......# #.#
#...........^.......... #.#
#######...######.#...## #.#
######.## #.###### #.#
#..o@o.# #.# ## #.#
#.####.# #.#####. #.# #.#
#.# #.#...<. #.# #.# #.#
#.#.###. #.# #.# #.# #.#.#
## #.#####.####.# ##.#)# #
#............# ##..#>#
##.#####.##########...#)###
##..)##
#..................##


You could see an orc priest and an orc.

Vanquished Creatures
  Jessica (D:3)
  An adder (D:3)
  A worm (D:4)
  2 dart slugs (D:3)
  5 orcs (D:3)
  7 ball pythons
  5 endoplasms
  3 giant cockroaches
  8 goblins
  4 hobgoblins
  3 quokkas
  A bat (D:2)
  4 frilled lizards
  6 kobolds
  8 rats
59 creatures vanquished.

Vanquished Creatures (others)
  A plant (D:2)
1 creature vanquished.

Grand Total: 60 creatures vanquished

Notes
Turn   | Place    | Note
-------+----------+-------------------------------------------
     0 | D:1      | Pimp the Gargoyle Earth Elementalist began the quest for
                  | the Orb.
     0 | D:1      | Reached XP level 1. HP: 10/10 MP: 3/3
   149 | D:1      | Reached skill level 1 in Transmutations
   149 | D:1      | Reached XP level 2. HP: 15/15 MP: 1/5
  1481 | D:2      | Reached XP level 3. HP: 19/19 MP: 4/6
  1937 | D:3      | Found a transporter.
  1941 | D:3      | Noticed Sleet's ghost (amateur FoFi)
  1955 | D:3      | Found a transporter.
  2005 | D:3      | Reached skill level 4 in Earth Magic
  2051 | D:3      | Found a shadowy altar of Dithmenos.
  2326 | D:3      | Learned a level 3 spell: Stone Arrow
  2559 | D:3      | Noticed Jessica
  2567 | D:3      | Killed Jessica
  2568 | D:3      | Reached XP level 4. HP: 24/24 MP: 7/7
  2761 | D:3      | Learned a level 2 spell: Ensorcelled Hibernation
  2993 | D:4      | Reached skill level 1 in Armour
  3130 | D:4      | Identified the +0 ring mail of the Valley {MP+9 Slay+3}
  3235 | D:4      | Reached skill level 1 in Fighting
  3439 | D:3      | Killed from afar by an orc priest

Illustrated notes

Levels and vault maps discovered:
D:1:      dpeg_arrival_stone_temple_mockup, layout_loops_ring,
          hangedman_glass_teeth, nicolae_kite_square_tiling_tiny,
          minmay_ruptured
D:2:      layout_basic, chequers_big_river, kennysheep_cluttered_room
D:3:      layout_loops_ring, nicolae_dithmenos_the_darkroom,
          gammafunk_ghost_stat_death, uniq_jessica
D:4:      layout_cave_pods, nicolae_tso_swordbearing_angel

Skill      XL: |  1  2  3  4 |
---------------+-------------+-----
Transmutations | 1 |  1.5
Earth Magic    | 4 |  4.3
Dodging        | 2 |  2.1
Armour         | 1 |  1.0
Fighting       | 1 |  1.0
Staves         | |  0.7
Stealth        | |  2.7
Spellcasting   | |  2.5

Action                     |  1- 3 |  4- 6 || total
---------------------------+-------+-------++-------
  Melee: Unarmed           |     3 |       ||     3
         Staff             |    30 |    40 ||    70
         Punch             |       |     1 ||     1
   Cast: Sandblast         |    35 |     8 ||    43
    Use: Scroll            |     8 |     1 ||     9
         Potion            |       |     4 ||     4
   Stab: Sleeping          |     7 |     1 ||     8
 Armour: Robe              |    11 |    34 ||    45
         Ring mail         |       |     7 ||     7
  Dodge: Dodged            |    25 |    74 ||    99

Table legend: (Time is in decaauts)
 A = Elapsed time spent in this place.
 B = Non-inter-level travel time spent in this place.
 C = Inter-level travel time spent in this place.
 D = Time resting spent in this place.
 E = Time spent auto-exploring this place.
 F = Levels seen in this place.
 G = Mean time per level.
                   A        B        C        D        E       F      G
               +--------+--------+--------+--------+--------+-----+--------+
         Total |   3471 |   3369 |    102 |    603 |   2050 |   4 |  867.8 |
       Dungeon |   3471 |   3369 |    102 |    603 |   2050 |   4 |  867.8 |
               +--------+--------+--------+--------+--------+-----+--------+

Top non-repeatable levels by time:
     D:3: 1145 daAuts
     D:1: 972 daAuts
     D:2: 962 daAuts
     D:4: 391 daAuts
